[Event "Vugar Gashimov Memorial Blitz 2024"]
[Site "Shusha"]
[Date "2024.09.28"]
[Round "13.1"]
[White "Suleymanli, Aydin"]
[Black "Mamedyarov, Shakhriyar"]
[Result "0-1"]
[ECO "C83"]
[WhiteElo "2632"]
[BlackElo "2733"]
[Annotator "TA"]
[PlyCount "92"]
[EventDate "2024.09.28"]
[EventType "tourn"]
[EventCountry "AZE"]
[SourceTitle "playchess.com"]
[Source "ChessBase"]
[SourceQuality "1"]
[TimeControl "180+2"]

1. e4 e5 2. Nf3 Nc6 3. Bb5 a6 4. Ba4 Nf6 5. O-O Nxe4 6. d4 b5 7. Bb3 d5 8. dxe5 Be6 9. Nbd2 Be7 10. c3 Qd7 11. Bc2 Bf5 12. Nb3 Bg4 13. Nbd4 {[%emt 0:00:52] White is slightly better.} Nxd4 14. Qxd4 c5 15. Qe3 Rd8 16. Rd1 Qc6 17. a4 O-O 18. axb5 axb5 19. Ra7 Qe6 {[%emt 0:00:00] Black is weak on the dark squares} (19... Rd7 $11 {keeps the balance.} 20. Rxd7 Bxd7) 20. h3 (20. Rxe7 $1 $16 Qxe7 21. Rxd5) 20... Bf5 $11 21. Qe2 Rfe8 (21... Ra8 $1 $11 22. Rb7 Rfd8) 22. Be3 $14 (22. Qxb5 Nxc3 23. bxc3 Bxc2 $17) 22... h6 23. Rda1 (23. Qxb5 Nxc3 24. bxc3 Bxc2 $15) 23... Rb8 24. R1a6 ({White should try} 24. Bd3 $16 {[%cal Oa1a6] And now R1a6! would win.} Rb6 25. g4 (25. Bxb5 Rd8 $16)) 24... Rb6 $11 {[%emt 0:00:00] [#]} 25. Rxe7 Rxe7 $15 26. Ra8+ Re8 27. Rxe8+ Qxe8 28. Bxc5 Ra6 (28... Nxc5 {simplifies} 29. Bxf5 b4 30. Qd2 bxc3 31. bxc3 Qa8) 29. Bb4 (29. Bd4 $1 $15) 29... Ra2 $17 30. Bb3 (30. g4 $142 Be6 31. Nd4) 30... Ra1+ 31. Kh2 {[%emt 0:00:00] [#]} Qe6 {[%emt 0:00:04] Black is more active.} 32. Qe3 (32. Ba3 $17 {is a better defense.}) 32... Rb1 $2 (32... Rf1 $19 33. Nd4 Qxe5+ 34. f4 Rxf4) 33. Ba3 $2 (33. Nd4 $1 $14 {was forced to keep a grip.} Qd7 (33... Qxe5+ $2 {too greedy.} 34. f4 $18) 34. Bc2 Rxb2 35. Qc1 Rxc2 (35... Ra2 36. f3 $14) 36. Qxc2) 33... Bg6 (33... Rf1 $19 {has better winning chances.} 34. Nd4 Qxe5+ 35. f4 Rxf4) 34. Qf4 $2 (34. Bc2 $17 Ra1 35. Bb4) 34... Nxf2 $19 {[%emt 0:00:03] Black is clearly winning.} 35. Nd4 Rh1+ 36. Kg3 Ne4+ 37. Qxe4 Bxe4 38. Nxe6 fxe6 {[%emt 0:00:01][%mdl 4096] Endgame. KRB-KB} 39. Bc5 Rb1 40. Bf2 Rxb2 41. Bd1 Rd2 42. Bg4 Kf7 {[%emt 0:00:02] aiming for ...Rd3+.} 43. h4 Rd3+ 44. Kf4 Rxc3 {[%emt 0:00:01][%cal Ob5b4] White must now prevent ...b4!} 45. g3 b4 {[%emt 0:00:01] ( -> ...b3)} 46. Bd4 Rc4 {[%emt 0:00:01] Weighted Error Value: White=0.71/Black=0.32.  Loses game:     	White=2     	---        Missed win:     	---       	Black=1      Mistake:       	White=6     	Black=3      Inaccurate:     	White=2     	Black=3      OK:         	White=10    	Black=7      Best:        	White=2     	Black=6} 0-1

[Event "Vugar Gashimov Memorial Blitz 2024"]
[Site "Shusha"]
[Date "2024.09.28"]
[Round "13.2"]
[White "Aravindh, Chithambaram VR."]
[Black "Nepomniachtchi, Ian"]
[Result "0-1"]
[ECO "D53"]
[WhiteElo "2698"]
[BlackElo "2755"]
[Annotator "RC"]
[PlyCount "200"]
[EventDate "2024.09.28"]
[EventType "tourn"]
[EventCountry "AZE"]
[SourceTitle "playchess.com"]
[Source "ChessBase"]
[SourceQuality "1"]
[TimeControl "180+2"]

1. d4 Nf6 2. Nf3 d5 3. c4 e6 4. Nc3 Be7 5. Bg5 h6 6. Bh4 dxc4 7. e3 c5 8. Bxc4 cxd4 9. Nxd4 O-O 10. O-O Bd7 11. Bg3 a6 12. e4 Nc6 13. e5 Nxd4 14. Qxd4 Nh5 15. Rfd1 Nxg3 16. Qxd7 Nf5 17. Bxe6 Qxd7 18. Bxd7 Nh4 19. Nd5 Bc5 20. Rac1 Ba7 21. Nf4 g5 22. Nh5 Ng6 23. Re1 Bd4 24. b3 Nxe5 25. Bf5 Rad8 26. Ng3 Rfe8 27. h3 Bb2 28. Rcd1 Bc3 29. Rxd8 Rxd8 30. Rc1 Bb4 31. Rc8 Rxc8 32. Bxc8 Nd3 33. Bxb7 a5 34. Bd5 Bc5 35. Ne4 Bb6 36. Bc4 Ne5 37. Kf1 Kg7 38. Ke2 f5 39. Nd6 f4 40. Nf5+ Kg6 41. Ne7+ Kg7 42. Nd5 Bc5 43. Nc3 Bd4 44. Ne4 Kg6 45. Bd3 Kg7 46. a3 Nc6 47. Nd6 Bc5 48. Nf5+ Kf6 49. Nxh6 Nd4+ 50. Kf1 Bxa3 51. Ng4+ Kg7 52. Bc4 Bd6 53. Nh2 Kf6 54. Ng4+ Kg7 55. Ke1 Bb4+ 56. Kd1 Bc3 57. Nh2 Bb4 58. Ng4 Bc3 59. Kc1 Be1 60. Kb1 Bd2 61. Kb2 Bb4 62. Ne5 Kf6 63. Nd3 Bd6 64. Kc3 Nf5 65. Bd5 Ba3 66. Be4 Nd6 67. Kd4 Nb5+ 68. Kc4 Nd6+ 69. Kd5 Nb5 70. Bf3 Be7 71. Kc4 Na3+ 72. Kd4 Nb5+ 73. Kd5 a4 74. bxa4 Nc3+ 75. Kc4 Nxa4 76. Kd4 Nb6 77. Ne5 Ba3 78. Ng4+ Ke6 79. Bd1 Nd7 80. Bb3+ Ke7 81. Ba4 Nf6 82. Ne5 Bb2+ 83. Kd3 Bxe5 84. Ke2 Nh5 85. Kf3 Kf6 86. Bb5 Ng7 87. Bd7 Nf5 88. Kg4 Nh6+ 89. Kf3 Bd6 90. Bc8 Nf7 91. g3 Ne5+ 92. Ke4 Nc4 93. Kf3 Nd2+ 94. Kg2 f3+ 95. Kg1 Bc5 96. Bg4 Ke5 97. h4 gxh4 98. gxh4 Kf4 99. Bh5 Ne4 100. Bxf3 Ke5 0-1

[Event "Vugar Gashimov Memorial Blitz 2024"]
[Site "Shusha"]
[Date "2024.09.28"]
[Round "13.3"]
[White "Mamedov, Rauf"]
[Black "Artemiev, Vladislav"]
[Result "1/2-1/2"]
[ECO "C56"]
[WhiteElo "2637"]
[BlackElo "2701"]
[Annotator "RC"]
[PlyCount "152"]
[EventDate "2024.09.28"]
[EventType "tourn"]
[EventCountry "AZE"]
[SourceTitle "playchess.com"]
[Source "ChessBase"]
[SourceQuality "1"]
[TimeControl "180+2"]

1. e4 e5 2. Nf3 Nc6 3. d4 exd4 4. Bc4 Nf6 5. e5 Ne4 6. Qe2 Nc5 7. O-O Be7 8. Rd1 d5 9. exd6 Qxd6 10. Nc3 O-O 11. Nd5 Ne6 12. c3 Na5 13. Nxe7+ Qxe7 14. Bxe6 Qxe6 15. Qxe6 Bxe6 16. Nxd4 Bd7 17. Bf4 Rfc8 18. h3 h6 19. Re1 c5 20. Nf3 Be6 21. Ne5 Rd8 22. b4 cxb4 23. cxb4 Rd4 24. bxa5 Rxf4 25. Rab1 Ra4 26. Rxb7 Rxa5 27. Nd3 Rxa2 28. Nf4 Bc4 29. Rc7 Ra4 30. Rc1 Bb3 31. Nd3 Rd4 32. Nc5 Rd1+ 33. Rxd1 Bxd1 34. Kf1 a5 35. Ke1 Bh5 36. g4 Bg6 37. f4 f6 38. Kd2 a4 39. f5 Bf7 40. Kc1 a3 41. Kb1 Rd8 42. Ne6 Re8 43. Rc6 Rb8+ 44. Ka2 Ra8 45. Ka1 a2 46. Rc7 Bxe6 47. fxe6 Re8 48. Rc6 Kf8 49. Kxa2 Rb8 50. Rc7 Re8 51. Rc6 g6 52. Kb3 Ke7 53. Kc4 Rd8 54. Rc7+ Kxe6 55. Rh7 f5 56. gxf5+ gxf5 57. Rxh6+ Ke5 58. Rh7 Ke4 59. Re7+ Kf3 60. Re5 f4 61. h4 Kg3 62. h5 f3 63. Rg5+ Kh4 64. Rf5 Kg4 65. Rf7 Rh8 66. Kd3 Kg3 67. Ke3 Re8+ 68. Kd2 f2 69. h6 Kg2 70. Rg7+ Kh2 71. Rf7 Kg1 72. Rg7+ Kf1 73. h7 Rd8+ 74. Kc2 Rc8+ 75. Kd2 Rd8+ 76. Kc2 Rc8+ 1/2-1/2

[Event "Vugar Gashimov Memorial Blitz 2024"]
[Site "Shusha"]
[Date "2024.09.28"]
[Round "13.4"]
[White "Rapport, Richard"]
[Black "Abdusattorov, Nodirbek"]
[Result "0-1"]
[ECO "A07"]
[WhiteElo "2715"]
[BlackElo "2766"]
[Annotator "TA"]
[PlyCount "62"]
[EventDate "2024.09.28"]
[EventType "tourn"]
[EventCountry "AZE"]
[SourceTitle "playchess.com"]
[Source "ChessBase"]
[SourceQuality "1"]
[TimeControl "180+2"]

1. e4 c6 2. d3 d5 3. Nd2 g6 4. Ngf3 Bg7 5. g3 Nf6 6. Bg2 O-O 7. O-O Qc7 8. e5 Ng4 9. d4 f6 10. h3 {[%emt 0:00:08] White is slightly better.} Nh6 11. Re1 Nf7 12. exf6 Bxf6 (12... exf6 $11 {remains equal.} 13. c4 Bd7) 13. Nf1 Nd7 14. N1h2 (14. Re6 $14 {is more appropriate.}) 14... e5 $11 15. Nxe5 Ndxe5 16. Bf4 Bd7 17. dxe5 Bxe5 (17... Nxe5 {is interesting.} 18. Bxd5+ cxd5 19. Qxd5+ Rf7) 18. Bxe5 Nxe5 19. Qd4 Rfe8 20. Rad1 Bf5 21. Rd2 {[%emt 0:00:15] [#] Black must now prevent Rde2.} Re7 (21... Nc4 $14 22. Rde2 Nd6) 22. g4 $16 Be4 23. f3 (23. Rde2 $16) 23... Bxf3 $1 $14 (23... c5 $2 24. Qf2 $18 (24. Qc3 d4 $14)) 24. Bxf3 $2 {[%emt 0:00:02] Loses the game.} (24. Rxe5 $14 {is the one way to stay ahead.} Qxe5 25. Qxe5 (25. Bxf3 $2 {is the wrong capture.} Qg3+ 26. Bg2 Re1+ 27. Nf1 Rf8 $19) (25. Nxf3 Qc7 $14) 25... Rxe5 26. Bxf3 (26. Nxf3 Re4 $16)) 24... Nxf3+ $19 25. Nxf3 {[%emt 0:00:02] [#] Rxe7 is the strong threat.} Qg3+ 26. Rg2 Rxe1+ 27. Nxe1 Qxe1+ 28. Kh2 Re8 29. Qxa7 (29. Rf2 $17) 29... Qe5+ 30. Rg3 $2 (30. Kh1) 30... Qf4 {[%emt 0:00:01] ( -> ...Re2+)} 31. Qg1 Re2+ {[%emt 0:00:01] Weighted Error Value: White=0.61/Black=0.10 (very precise) .  Loses game:     	White=1     	---        Mistake:       	White=4     	Black=2      OK:         	White=7     	Black=7      Best:        	White=1     	Black=4      Strong:       	---       	Black=1} 0-1

[Event "Vugar Gashimov Memorial Blitz 2024"]
[Site "Shusha"]
[Date "2024.09.28"]
[Round "14.1"]
[White "Mamedyarov, Shakhriyar"]
[Black "Rapport, Richard"]
[Result "0-1"]
[ECO "D17"]
[WhiteElo "2733"]
[BlackElo "2715"]
[Annotator "TA"]
[PlyCount "76"]
[EventDate "2024.09.28"]
[EventType "tourn"]
[EventCountry "AZE"]
[SourceTitle "playchess.com"]
[Source "ChessBase"]
[SourceQuality "1"]
[TimeControl "180+2"]

1. d4 d5 2. c4 c6 3. Nf3 Nf6 4. Nc3 dxc4 5. a4 Bf5 6. Ne5 Nbd7 7. Nxc4 Nb6 8. Ne5 a5 9. h4 {[%emt 0:00:00] D17: Slav Defence: 5 a4 Bf5: Lines with 6 Nh4 and 6 Ne5.} h6 10. f3 e6 $1 {[%emt 0:00:01][%mdl 4] now scores much better than the old 10...Nfd7.} 11. e4 Bh7 12. Be3 Bb4 13. Be2 Nfd7 14. Nd3 Nc4 15. Bc1 Bd6 $146 ({Predecessor:} 15... Nd6 16. Qb3 c5 17. Nxb4 cxb4 18. Bf4 Qe7 19. Nb5 Nxb5 20. Bxb5 O-O 21. Rc1 e5 {1-0 Skatchkov,V (2283)-Saraci,N (2415) Titled Tuesday intern op 09th Feb blitz 2021 (2)}) 16. b3 Bg3+ 17. Kf1 Nd6 18. Ba3 f5 $2 (18... Nc8 $1 $11 {and Black has nothing to worry.}) 19. Rh3 $18 fxe4 20. Rxg3 (20. fxe4 $142 O-O+ (20... Qf6+ $2 21. Bf3 $18) 21. Kg1) 20... Nf5 $2 (20... exd3 $16 {was worth a try.} 21. Bxd3 (21. Bxd6 Nf6 $11) 21... Bxd3+ 22. Qxd3 Nf5) 21. Nxe4 $18 Nf6 {[%emt 0:00:01] [#]} (21... Ne3+ 22. Kg1 Nxd1 23. Nd6+ Kf8 24. Nxb7+ (24. Rxd1 Kg8 $11) 24... Kg8 25. Nxd8 $18) 22. Rxg7 $2 (22. Qe1 $3 $18 {[%mdl 512] and White stays clearly on top.}) 22... Nxe4 $16 23. fxe4 (23. Rxb7 $2 Ne3+ 24. Kg1 Nxd1 $19) 23... Nxg7 (23... Ne3+ $2 24. Kg1 Qf6 25. Bh5+ Kd8 26. Qd2 (26. Qf3 Qxg7 27. Qxe3 Rg8 $18) 26... Qxg7 27. Qxe3 $18) 24. Bh5+ Kd7 25. Qg4 (25. Bf3 $16 {Strongly threatening d5.} Qxh4 26. Qe1 Qxe1+ 27. Rxe1) 25... Qf6+ $11 26. Ke2 ({Better is} 26. Kg1 $1 $11 Bxe4 (26... Qxd4+ 27. Kh2 $17) 27. Qxe4 Nxh5 28. Nc5+ Kc8 29. Qxe6+ (29. Nxe6 Re8 $17) (29. Rf1 $2 Qxf1+ 30. Kxf1 Ng3+ 31. Kf2 Nxe4+ $19) 29... Qxe6 30. Nxe6) 26... Rag8 (26... Qxd4 27. Bb2 Qxe4+ 28. Qxe4 Bxe4 29. Nc5+ (29. Bxg7 Bxd3+ 30. Kxd3 Rhg8 $18) 29... Ke7 30. Bxg7 $18) (26... Nxh5 $6 27. Ne5+ Kd8 28. Rf1 $14 (28. Qxh5 Qf4 $11)) (26... Rhg8 $5 27. Bf7 (27. Ne5+ Kc7 $17) 27... Nf5 28. Nc5+ Ke7 (28... Kc7 29. Nxe6+ Kd7 30. Nc5+ Ke7 31. Bxg8 $11) 29. Bxg8 Nxd4+ 30. Kd3 Rxg8 31. Nxe6+ (31. Nxb7+ $2 Kd7 $19) 31... Ke8 $15 (31... Kf7 32. Ng5+ hxg5 33. Qd7+ Kg6 34. hxg5 $16)) 27. Ne5+ Kc8 28. Rf1 (28. Bf7 $2 Nf5 29. Qf4 Nxd4+ 30. Ke3 Nc2+ 31. Kf3 Qxf4+ 32. Kxf4 Nxa1 $19) (28. Bg6 $1 $11 {and White stays safe.} Nf5 29. exf5 exf5 30. Qf4 Rxg6 (30... Bxg6 31. Nc4 $11) 31. Nxg6 Qxg6 32. Kf2) 28... Nf5 $1 $19 29. Qf4 Ng3+ (29... Nxd4+ 30. Kd3 Qxf4 31. Rxf4 $11) ({Worse is} 29... Qxh4 30. Qxh4 Nxh4 31. g4 (31. Bg4 Rxg4 32. Nxg4 Bxe4 $11) 31... Bxe4 32. Bf7 $14) 30. Qxg3 Qxf1+ 31. Kxf1 Rxg3 32. Bf3 Rd8 (32... Bxe4 $19 33. Bxe4 Rxb3) 33. Bc5 Kc7 34. Nc4 {[%emt 0:00:01] [#]} b5 $1 35. Bb6+ Kc8 36. Nxa5 (36. Ne5 $17) 36... Rf8 $19 37. Kf2 $2 (37. Ke2 $17) 37... Rgxf3+ $1 $19 38. gxf3 Bxe4 0-1

[Event "Vugar Gashimov Memorial Blitz 2024"]
[Site "Shusha"]
[Date "2024.09.28"]
[Round "14.2"]
[White "Abdusattorov, Nodirbek"]
[Black "Mamedov, Rauf"]
[Result "1/2-1/2"]
[ECO "B27"]
[WhiteElo "2766"]
[BlackElo "2637"]
[Annotator "TA"]
[PlyCount "167"]
[EventDate "2024.09.28"]
[EventType "tourn"]
[EventCountry "AZE"]
[SourceTitle "playchess.com"]
[Source "ChessBase"]
[SourceQuality "1"]
[TimeControl "180+2"]

1. e4 c5 2. Nf3 g6 3. c3 d5 4. e5 a6 5. d4 cxd4 6. cxd4 {[%emt 0:00:02] B27: Sicilian: 2 Nf3, unusual Black 2nd moves.} Bg4 {[%emt 0:00:01] 6...Nc6 is the modern continuation.} 7. Be2 Bxf3 8. Bxf3 e6 9. O-O Nc6 10. Nc3 Nge7 11. Bg5 Bg7 12. g4 h6 13. Be3 h5 14. h3 hxg4 15. hxg4 g5 $146 ({Predecessor:} 15... Nf5 16. gxf5 Qh4 17. Re1 gxf5 18. Qd2 Bxe5 19. dxe5 Nxe5 20. Bg2 Rg8 21. Bg5 Rxg5 22. Rxe5 O-O-O {½-½ Kopczyk,D (2168)-Krystofiak,T (2093) POL-chT 2nd League 2006 (5.100)}) 16. Bxg5 Qb6 17. Ne2 O-O-O 18. Qb3 Qxb3 19. axb3 Rdg8 20. Kg2 Kd7 21. Rh1 Ng6 22. Rad1 Na5 23. Nc1 Nc6 24. Rxh8 Rxh8 25. Be3 b6 26. Nd3 a5 27. Kg3 Bf8 28. Be2 Be7 29. f4 Bh4+ 30. Kg2 Bd8 31. Ne1 Nb4 32. Bb5+ Kc7 33. Rc1+ Kb7 34. Nf3 Rg8 35. Kg3 Ne7 36. Kh3 Rh8+ 37. Kg2 Rg8 38. Ng5 Rg7 39. Kf3 Nec6 40. Nh3 Rh7 41. Nf2 Na7 42. Be2 Nac6 43. f5 Rh2 44. Kg3 Rh8 45. Nd3 Nxd3 46. Bxd3 Bh4+ 47. Kf3 $2 ({Better is} 47. Kf4 $18) 47... Bd8 $2 (47... Bg5 $1 $11 48. Bxg5 Rh3+ 49. Ke2 Nxd4+ 50. Kd2 Nf3+ (50... Nxb3+ 51. Kc2 $11) 51. Ke3 Nxe5+ (51... Nxg5+ 52. Kf4 $16) 52. Ke2 Rh2+ (52... Rxd3 53. Bf4 $16) (52... Nxd3 53. Rc3 $11) 53. Ke3 Rh3+ (53... Rxb2 54. Bc2 $16) 54. Ke2 Rh2+ (54... Rxd3 55. Bf4 $16) (54... Nxd3 55. Rc3 $11) 55. Ke3 Rh3+ (55... Rxb2 56. Bc2 $16)) 48. Kg3 Bh4+ 49. Kg2 Rg8 50. Bb5 $2 ({White should play} 50. Kf3 $18) 50... Nxd4 $1 $15 51. Kh3 $2 {[%emt 0:00:04] [#]} (51. Bxd4 $11 {and White stays safe.} Rxg4+ (51... exf5 $2 52. Be2 $18) 52. Kf3 Rxd4 53. Bc6+ Ka6 54. fxe6 fxe6 55. Bd7) 51... Bg5 $2 (51... Nxb5 52. Kxh4 exf5 53. gxf5 $11) (51... Rh8 $1 $19 52. Bxd4 Bg5+ 53. Kg2 Bxc1) 52. Bxg5 $15 Rxg5 53. Kh4 (53. fxe6 $2 fxe6 (53... Nxb5 $2 54. exf7 Rg7 55. f8=Q $18) 54. Be8 Rxe5 $19) 53... Nf3+ (53... Rg7 $15 54. Bd7 exf5 (54... Nxb3 55. Bc8+ Kb8 56. Rc6 $19) 55. Bc8+ Kb8 56. Bxf5 Nf3+ (56... Nxb3 57. Rc8+ Kb7 58. Rf8 $16) 57. Kg3 Nxe5) 54. Kg3 $11 Nxe5 55. Kf4 f6 56. fxe6 Ng6+ 57. Kg3 Re5 58. Bc6+ Ka6 59. Bd7 Nf8 60. Bc8+ Kb5 61. Bd7+ Kb4 62. Rc6 b5 63. Rb6 Kxb3 64. Rxb5+ Kc4 65. Rb6 ({Reject} 65. b3+ Kd4 $17) 65... d4 66. Kf3 d3 67. Rd6 Kc5 68. Rxd3 Nxe6 69. Bxe6 Rxe6 70. Kf4 Kc4 71. Rc3+ Kb4 72. Kf5 Re2 73. Kxf6 Rxb2 74. Rc8 Rf2+ 75. Ke6 Rg2 76. Kf5 a4 77. Rb8+ Kc3 78. Ra8 Kb3 79. g5 a3 80. Kf6 a2 81. g6 Kb2 82. Rxa2+ Kxa2 83. g7 Rxg7 84. Kxg7 1/2-1/2

[Event "Vugar Gashimov Memorial Blitz 2024"]
[Site "Shusha"]
[Date "2024.09.28"]
[Round "14.3"]
[White "Artemiev, Vladislav"]
[Black "Aravindh, Chithambaram VR."]
[Result "0-1"]
[ECO "D77"]
[WhiteElo "2701"]
[BlackElo "2698"]
[Annotator "TA"]
[PlyCount "96"]
[EventDate "2024.09.28"]
[EventType "tourn"]
[EventCountry "AZE"]
[SourceTitle "playchess.com"]
[Source "ChessBase"]
[SourceQuality "1"]
[TimeControl "180+2"]

1. d4 Nf6 2. Nf3 g6 3. g3 Bg7 4. Bg2 O-O 5. O-O d5 6. c4 dxc4 7. Na3 Nc6 8. Nxc4 Be6 9. b3 a5 $1 {[%emt 0:00:01][%mdl 4] is currently scoring better than 9...Bd5.} 10. a4 {[%emt 0:00:05] D77: Fianchetto Grünfeld: 6 0-0: Replies other than 6...c6.} Ne4 $5 {[%emt 0:00:04][%mdl 4] Leaves trodden paths.} 11. Bb2 Nb4 12. e3 c5 13. Qe2 cxd4 14. Nxd4 Bxc4 15. bxc4 Nc5 16. Rfd1 Qb6 17. Nb5 Bxb2 $146 ({Predecessor:} 17... Rad8 18. Bxg7 Kxg7 19. Nd4 e5 20. Nc2 Rxd1+ 21. Rxd1 Nxa4 22. e4 Nc3 {0-1 Detrick,E-Leonard,A (2326) USA WS/16WM22 email 2016}) 18. Qxb2 Rad8 19. Qe5 e6 20. h4 f6 21. Qf4 Kg7 22. h5 Nbd3 23. h6+ Kf7 24. Qf3 Ke7 25. Nd4 e5 26. Nb5 e4 27. Qe2 f5 28. Rdb1 (28. Nc3 $11) 28... Nb4 (28... Qe6 $142 $1 29. Qc2 Qf6) 29. Nc3 $17 Qf6 30. Nd5+ $1 Nxd5 31. cxd5 Rxd5 32. Qb5 {[%emt 0:00:03] [#]} ({White should play} 32. Bf1 $1 $15) 32... Rfd8 ({Better is} 32... b6 $1 $17 {Hoping for ...g5.} 33. Bf1 (33. Qxb6 $2 Rd1+ 34. Bf1 Qxb6 $19) 33... Rd6) 33. Qxa5 R8d7 34. Qa8 Qf8 35. Qa5 Qf6 36. Qb4 Qd6 37. Bf1 Nd3 38. Qc3 Qe5 39. Qc8 {[%emt 0:00:02] [#]} (39. Qc4 $11 {remains equal.}) 39... Nc5 $2 (39... Nxf2 $1 $17 {stays on course.} 40. Kxf2 Rd2+ 41. Be2 f4 42. gxf4 (42. exf4 $2 Rxe2+ 43. Kf1 Qd4 $19) 42... Rxe2+ 43. Kxe2 Qh5+ 44. Kf1 Qh1+ 45. Ke2 Qf3+ (45... Qg2+ $2 46. Ke1 $19) 46. Ke1 Qxe3+ (46... Qh1+ $2 47. Ke2 $19) 47. Kf1 Qxf4+ 48. Ke1 (48. Kg1 Qg4+ 49. Kf1 Rd1+ 50. Rxd1 Qxc8 $17) 48... e3 49. Qxd7+ (49. Rxb7 $2 Qf2#) 49... Kxd7) 40. Qg8 $18 Kf6 41. Rb6+ $2 (41. Bc4 $18) 41... Kg5 $11 42. Rc1 Nd3 43. Rc2 $2 (43. Bxd3 $1 $11 {and White is okay.} Rxd3 44. Kh2) 43... Ne1 $19 44. Re2 $2 (44. Rc1 $19 Nf3+ 45. Kg2) 44... Nf3+ 45. Kg2 Rd1 (45... Kxh6 46. Rb1 $17) 46. Qb3 Rxf1 47. Kxf1 Qa1+ (47... Kxh6 48. Kg2 $11 (48. Rxb7 Qa1+ 49. Qb1 Rd1+)) 48. Qb1 Rd1+ ({Worse is} 48... Qxa4 49. Rc2 $11 (49. Rxb7 $2 {perishes.} Rxb7 50. Qc1 Qa6 $19) (49. Kg2 $2 Rd1 $19)) 0-1

[Event "Vugar Gashimov Memorial Blitz 2024"]
[Site "Shusha"]
[Date "2024.09.28"]
[Round "14.4"]
[White "Nepomniachtchi, Ian"]
[Black "Suleymanli, Aydin"]
[Result "1-0"]
[ECO "C84"]
[WhiteElo "2755"]
[BlackElo "2632"]
[Annotator "TA"]
[PlyCount "101"]
[EventDate "2024.09.28"]
[EventType "tourn"]
[EventCountry "AZE"]
[SourceTitle "playchess.com"]
[Source "ChessBase"]
[SourceQuality "1"]
[TimeControl "180+2"]

1. e4 e5 2. Nf3 Nc6 3. Bb5 a6 4. Ba4 Nf6 5. O-O Be7 6. d3 b5 7. Bb3 d6 8. a3 Na5 9. Ba2 c5 10. Bg5 {[%emt 0:00:01] Die Stellung ist ausgeglichen.} Be6 11. Nc3 O-O 12. Bxf6 Bxf6 13. Nd5 Nc6 14. c3 a5 15. a4 b4 16. Qd2 g6 17. Bc4 Bg7 18. Ng5 Bd7 19. h4 h6 {[%emt 0:00:04] Wehrt f4 ab} 20. Nf3 Bg4 21. Nh2 Be6 22. h5 Kh7 (22... gxh5 $11 23. Qe2 h4) 23. g3 {[%emt 0:00:05] Weiß steht aktiver.} (23. hxg6+ $1 $16 fxg6 24. Nxb4 Bxc4 25. Nxc6) 23... Ra7 (23... Bh3 $142) 24. Kg2 (24. hxg6+ $5 fxg6 25. Nxb4 $16) 24... Qc8 25. Rh1 Bh3+ 26. Kg1 f5 (26... Ne7 $11) 27. hxg6+ $16 Kxg6 28. Nf3 (28. Nb6 $18 Qd8 29. Nf3) 28... fxe4 $2 (28... f4 $16) 29. Nh4+ $18 {[%emt 0:00:02] Ein dynamisches Springerpaar.} Kh7 30. dxe4 (30. Rxh3 Qxh3 31. Qe2 (31. dxe4 Raf7 $16) 31... e3 32. Nxe3 (32. fxe3 $2 Qxg3+ 33. Qg2 Qxh4 $19) 32... e4 $16) 30... Bg4 31. Ne3 Rf6 32. Nhf5 Bf3 {[%emt 0:00:01] [#]} 33. Rh4 (33. Nxd6 $2 {verliert.} Qd8 34. Nef5 Bxh1 (34... Rd7 $2 35. Rh4 $19) 35. Kxh1 Rd7 $19) 33... Ne7 34. Nxe7 (34. Nxd6 $2 {geht unter.} Qd8 35. Nd5 Rxd6 $19) 34... Rxe7 35. Nf5 $40 {[%emt 0:00:00][%mdl 128] Weiss riecht Blut.} Rxf5 36. exf5 Qxf5 {[%emt 0:00:02] [#]} 37. Qxd6 ({Vorzuziehen ist} 37. Re1 $1 $18) 37... Rd7 (37... Bf6 $16 38. Qd8 h5) 38. Be6 Rxd6 39. Bxf5+ Kg8 40. Be4 Be2 41. cxb4 cxb4 42. Rc1 Rd2 (42... Rd1+ $142 43. Rxd1 Bxd1 44. Bd5+ Kf8) 43. Rc2 Rd1+ (43... Rxc2 $142 44. Bxc2 h5) 44. Kg2 Bf1+ 45. Kh2 b3 46. Rc8+ Kf7 47. Rc7+ Kf8 48. Rg4 Bf6 49. Rg6 Be7 50. Rxh6 Rd2 51. Rh8+ {[%emt 0:00:03] Gewichteter Fehlerwert: Weiß=0.32/Schwarz=0.53.  Verlustzug:     	---       	Schwarz=2     Fehler:       	Weiß=3     	Schwarz=5     Ungenau:       	Weiß=2     	Schwarz=2     OK:         	Weiß=15    	Schwarz=10    Bester:       	Weiß=2     	Schwarz=3} 1-0